 Dungeon Crawl Stone Soup version 0.20.0-15-g7f486f2 (webtiles) character file.

691 Zwobot the Cudgeler (level 7, -10/56 HPs)
             Began as a Mummy Fighter on June 9, 2017.
             Mangled by an iguana (12 damage)
             ... on level 6 of the Dungeon.
             The game lasted 00:08:54 (3814 turns).

Zwobot the Cudgeler (Mummy Fighter)                 Turns: 3814, Time: 00:08:54

Health: -10/56     AC:  6    Str: 21    XL:     7   Next: 36%
Magic:  7/7        EV:  7    Int:  7    God:
Gold:   214        SH: 12    Dex: 12    Spells: 6/6 levels left

rFire    x . .     SeeInvis .   a - +0 flail
rCold    + . .     Gourm    .   c - +3 shield
rNeg     + + +     Faith    .   b - +0 scale mail
rPois    ∞         Spirit   .   j - +0 hat
rElec    .         Reflect  .   (no cloak)
rCorr    .         Harm     .   (no gloves)
MR       .....                  (no boots)
Stlth    ..........             (no amulet)
Regen    0.2/turn               (no ring)
MPRegen  0.1/turn               (no ring)

@: no status effects
A: no food or potions, fire vulnerability, cold resistance 1, negative energy
resistance 3, torment resistance, unbreathing
a: no special abilities


You were on level 6 of the Dungeon.
You were not hungry.

You visited 1 branch of the dungeon, and saw 6 of its levels.

You collected 214 gold pieces.

Inventory:

Hand Weapons
 a - a +0 flail (weapon)
Missiles
 f - 59 stones (quivered)
Armour
 b - a +0 scale mail (worn)
 c - a +3 shield (worn)
 g - a +2 buckler
 j - a +0 hat (worn)
Wands
 e - a wand of flame (3/48)
 k - a wand of polymorph (3/24)
Scrolls
 d - 3 scrolls of teleportation
 h - 3 scrolls of immolation
 i - a scroll of blinking {unknown}
 l - a scroll of remove curse {unknown}


   Skills:
 + Level 5.5 Fighting
 * Level 5.7 Maces & Flails
 - Level 2.4 Armour
 - Level 2.4 Shields


You had 6 spell levels left.
You didn't know any spells.

Dungeon Overview and Level Annotations

Branches:
Dungeon (6/15)
 Temple: D:4-7

Altars:

Annotations:
D:2 Sigmund


Innate Abilities, Weirdness & Mutations

You do not eat or drink.
Your flesh is vulnerable to fire.
You are immune to poison.
Your flesh is cold resistant. (rC+)
You are immune to negative energy. (rN+++)
You are immune to unholy pain and torment.
You can survive without breathing.


Message History

The gnoll is lightly wounded.
You block the gnoll's attack. x2
You sock the gnoll!
The gnoll is severely wounded.
The gnoll hits you but does no damage. x2; The gnoll hits you with a spear!
* * * LOW HITPOINT WARNING * * *
There is a stone staircase leading down here.
You climb downwards.
The ogre shouts!
You hear a shout!
The iguana bites you.
* * * LOW HITPOINT WARNING * * *
The ogre hits you with a giant club.
* * * LOW HITPOINT WARNING * * *
There is a stone staircase leading up here.
The iguana bites you!
* * * LOW HITPOINT WARNING * * *
Found a leather armour.
Unknown command.
The iguana bites you!
You die...

#.# #.# #.# #.# #.#
#.# #######.#
..[....@##########
#######l...........
.......O#.Y.......#
####....)......#
#....#.#.##.#
#...?#.#..# #
#....#.#..#
#....#.#{.#
#......#..#


You could see a sky beast, an ogre and an iguana.

Vanquished Creatures
  3 ogres
  A bullfrog (D:4)
  A crimson imp (D:5)
  A hound (D:5)
  2 orc wizards (D:3)
  A centaur skeleton (D:4)
  Natasha (thrice) (D:3)
  2 gnolls (D:5)
  5 adders
  A shadow imp (D:5)
  A worm (D:2)
  3 dart slugs
  A leopard gecko (D:2)
  2 orcs (D:3)
  8 bats
  6 giant cockroaches
  5 goblins
  8 hobgoblins
  2 quokkas
  A ball python (D:1)
  2 frilled lizards (D:3)
  7 kobolds
  A quokka zombie (D:5)
  8 rats
75 creatures vanquished.

Notes
Turn   | Place    | Note
-------+----------+-------------------------------------------
     0 | D:1      | Zwobot the Mummy Fighter began the quest for the Orb.
     0 | D:1      | Reached XP level 1. HP: 18/18 MP: 1/1
   139 | D:1      | Reached XP level 2. HP: 24/24 MP: 2/2
  1158 | D:2      | Reached XP level 3. HP: 28/29 MP: 3/3
  1506 | D:2      | Noticed Sigmund
  1603 | D:3      | Reached XP level 4. HP: 15/37 MP: 4/4
  1901 | D:3      | Noticed Natasha
  1909 | D:3      | Killed Natasha
  1909 | D:3      | Reached XP level 5. HP: 31/42 MP: 5/5
  2192 | D:3      | Noticed Natasha
  2206 | D:3      | Killed Natasha
  2211 | D:3      | Noticed Natasha
  2536 | D:4      | Noticed an ogre
  2558 | D:4      | Killed an ogre
  2558 | D:4      | Reached XP level 6. HP: 34/50 MP: 6/6
  2705 | D:3      | Killed Natasha
  3053 | D:5      | Entered Level 5 of the Dungeon
  3070 | D:5      | Noticed a sky beast
  3079 | D:5      | Reached skill level 5 in Fighting
  3183 | D:4      | HP: 1/51 [bullfrog (5)]
  3184 | D:4      | Reached skill level 5 in Maces & Flails
  3478 | D:5      | Reached XP level 7. HP: 38/56 MP: 7/7
  3813 | D:6      | HP: 1/56 [iguana (7)]
  3814 | D:6      | Mangled by an iguana

Skill      XL: |  1  2  3  4  5  6 |
---------------+-------------------+-----
Maces & Flails | 2 3 4 5 |  5.7
Fighting       | 4 5 |  5.5
Armour         | |  2.4
Shields        | |  2.4

Action                   |  1- 3 |  4- 6 |  7- 9 || total
-------------------------+-------+-------+-------++-------
Melee: Flail             |   148 |   122 |    28 ||   298
Evoke: Wand              |       |     6 |     5 ||    11
  Use: Scroll            |     5 |     1 |       ||     6
Armor: Scale mail        |    93 |    46 |     8 ||   147
Dodge: Dodged            |    57 |    44 |     6 ||   107
Block: Shield            |   107 |   127 |    18 ||   252
